 Dungeon Crawl Stone Soup version 0.31.0-11-ge490571c62 (webtiles) character file.

Game seed: 10096008525464268349

219 Killerpretzel the Changeling (level 5, 0/52 HPs)
             Began as an Octopode Shapeshifter on Feb 7, 2024.
             Slain by a lemure (5 damage)
             ... led by Pikel
             ... on level 3 of the Dungeon.
             The game lasted 00:07:50 (2206 turns).

Killerpretzel the Changeling (OpSh)                 Turns: 2206, Time: 00:07:51

Health: 0/52       AC: 22    Str: 13    XL:     5   Next: 96%
Magic:  5/5        EV:  2    Int: 12    God:
Gold:   149        SH:  0    Dex: 14    Spells: 4/4 levels left

rFire   + . .        l - +5 short sword "Doseyttu" {spect, rF+ rC- rN+++ rCorr}
rCold   x . .        (no shield)
rNeg    + + +        (helmet currently unavailable)
rPois   +            (no amulet)
rElec   .            (no ring)
rCorr   +            (no ring)
SInv    .            (no ring)
Will    .....        (no ring)
Stlth   +            (no ring)
HPRegen 0.28/turn    (no ring)
MPRegen 0.09/turn    (no ring)
                     (no ring)

%: no passive effects
@: tree-form, invisible
A: stationary, stasis, torment immunity, boosted hp, almost no armour,
(amphibious), 8 rings, (camouflage 1), (gelatinous body 1), (nimble swimmer 1),
(tentacles)
a: no special abilities


You were on level 3 of the Dungeon.
You were a tree.
You visited 1 branch of the dungeon, and saw 4 of its levels.

You collected 149 gold pieces.

Inventory:

Hand Weapons
 l - the +5 short sword "Doseyttu" (weapon) {spect, rF+ rC- rN+++ rCorr}
   (You found it on level 3 of the Dungeon)

   rF+:       It protects you from fire.
   rC-:       It makes you vulnerable to cold.
   rN+++:     It renders you almost immune to negative energy.
   rCorr:     It protects you from acid and corrosion.
Talismans
 b - a beast talisman (active)
 c - a flux talisman
Scrolls
 d - 2 scrolls of identify
 e - 3 scrolls of amnesia
 h - a scroll of enchant armour {unknown}
 j - a scroll of fog {unknown}
 k - a scroll of noise {unknown}
Potions
 a - a potion of lignification
 f - a potion of brilliance
 i - a potion of curing {unknown}
 m - a potion of resistance {unknown}


   Skills:
 + Level 2.5 Fighting
 + Level 3.1 Dodging
 + Level 3.8 Unarmed Combat
 * Level 4.4 Shapeshifting


You had 4 spell levels left.
You didn't know any spells.
Your spell library was empty.

Dungeon Overview and Level Annotations

Branches:
Dungeon (4/15)
 Temple: D:4-7

Altars:
Elyvilon
Makhleb
Nemelex Xobeh
Qazlal
Vehumet
Xom
The Shining One

Shops:
D:1 !   D:2 *

Annotations:
D:2 exclusion: 2 downstairs
D:4 Pikel


Innate Abilities, Weirdness & Mutations

You are a tree.
Your roots penetrate the ground, keeping you stationary.
You cannot be teleported.
You are immune to unholy pain and torment.
Your maximum health is greatly increased.
You cannot wear most types of armour.
((You are amphibious.))
You can wear up to eight rings at the same time.
((Your skin changes colour to match your surroundings (Stealth+).))
((Your rubbery body absorbs attacks. (AC +1, EV +1)))
((You are camouflaged when in or above water. (Stealth+)))
((You have tentacles for arms and can constrict up to eight enemies at once.))


Message History

There is a stone staircase leading down here.
You climb downwards.
Pikel shouts!
The lemure shouts! x4
A quokka comes into view.
There is a stone staircase leading up here.
The lemure closely misses you. The lemure hits you.
You climb upwards.
There is a stone staircase leading down here.
You barely miss the lemure. You grab the lemure. You constrict the lemure.
The lemure hits you. The lemure hits you!
You hit the lemure.
You squeeze the lemure, but do no damage.
The lemure is lightly wounded.
You constrict the lemure, but do no damage.
The lemure hits you! x2
* * * LOW HITPOINT WARNING * * *
Your transformation has ended.
You turn into a tree.
Your roots penetrate the ground.
You lose your grip on the lemure.
The lemure hits you but does no damage. x2
You closely miss the lemure.
The lemure is lightly wounded.
The lemure hits you but does no damage. The lemure hits you.
* * * LOW HITPOINT WARNING * * *
You hit the lemure.
The lemure is moderately wounded.
The lemure hits you but does no damage. The lemure hits you.
* * * LOW HITPOINT WARNING * * *
You closely miss the lemure.
The lemure is moderately wounded.
The lemure hits you but does no damage. x2
It was a potion of invisibility.
You fade into invisibility!
The lemure hits you but does no damage. x2
You hit the lemure.
The lemure is moderately wounded.
The lemure hits you but does no damage. x2
You hit the lemure.
The lemure is moderately wounded.
The lemure hits you.
You die...

# ##~...~~[.~..~~~#### #..##
#####.......~..~.##..####...##
...##........~~..##..'.......####
##..#........[...#...####........
##.#÷..............[## #...#####
#.###.##...##.....## #.#.# #
#.###.##.#####...## #.#.### #
#.....##.# ##5## #.....# #
#..#####.# #♣# ###.#.###
#..#####.## #5# #......
#..#......## ##.## ###.###
#..........###...## #.#
##...####..##.....# #.#
#...####..###...###########.#
#...........................#
##..####..###################
#........#


You could see 2 lemures.

Vanquished Creatures
  A black bear (D:3)
  A sleepcap (D:4)
  3 adders
  3 dart slugs
  5 ribbon worms
  4 orcs (D:3)
  2 ball pythons
  3 endoplasms
  3 giant cockroaches
  2 goblins
  5 hobgoblins
  5 jackals
  A quokka (D:3)
  5 bats
  2 frilled lizards (D:1)
  7 kobolds
  4 rats
56 creatures vanquished.

Notes
Turn   | Place    | Note
-------+----------+-------------------------------------------
     0 | D:1      | Killerpretzel the Octopode Shapeshifter began the quest for
                  | the Orb.
     0 | D:1      | Reached XP level 1. HP: 13/13 MP: 1/1
   135 | D:1      | Reached XP level 2. HP: 17/18 MP: 2/2
   316 | D:1      | Found Dest's Distillery.
   460 | D:2      | Found Muvucetino's Assorted Antiques.
   522 | D:2      | Reached XP level 3. HP: 10/23 MP: 3/3
   929 | D:2      | Identified the +4 ring mail "Ofixkys" {-Tele Regen+ Str-3
                  | Int+8}
   935 | D:2      | Reached XP level 4. HP: 29/29 MP: 4/4
  1000 | D:3      | Noticed a black bear
  1187 | D:3      | Found a white marble altar of Elyvilon.
  1187 | D:3      | Found a burning altar of Makhleb.
  1452 | D:3      | Found a stormy altar of Qazlal.
  1496 | D:3      | Found a shimmering altar of Xom.
  1500 | D:3      | Found a radiant altar of Vehumet.
  1520 | D:3      | Found a sparkling altar of Nemelex Xobeh.
  1535 | D:3      | Found a faded altar of an unknown god.
  1627 | D:3      | Identified the +5 short sword "Doseyttu" {spect, rF+ rC-
                  | rN+++ rCorr}
  1802 | D:3      | Killed a black bear
  1803 | D:3      | Reached skill level 4 in Shapeshifting
  1803 | D:3      | Reached XP level 5. HP: 33/35 MP: 5/5
  2047 | D:3      | Found a glowing golden altar of the Shining One.
  2195 | D:4      | Noticed Pikel
  2195 | D:4      | Noticed a lemure
  2195 | D:4      | Noticed a lemure
  2195 | D:4      | Noticed a lemure
  2195 | D:4      | Noticed a lemure
  2206 | D:3      | Slain by a lemure

Illustrated notes

Levels and vault maps discovered:
D:1:      dpeg_arrival_refuge, layout_rooms, serial_shops,
          nicolae_shop_tiny_real_fake_doors
D:2:      layout_rooms, serial_glass, glass_columns_b, glass_columns_a,
          serial_shops, shop, kennysheep_big_empty_room,
          kennysheep_generic_room_12
D:3:      cheibrodos_helix_gallery, layout_loops_corners,
          nemelex_diamond_rough_becter, minmay_overflow_temple_star_quad,
          grunt_temple_overflow_open, basic_ecumenical_altar
D:4:      layout_layer_cave, ebering_ghost_sewer_d,
          minmay_fractal_squares_gapless_5, uniq_pikel

Skill      XL: |  1  2  3  4 |
---------------+-------------+-----
Fighting       | 2 |  2.5
Dodging        | 3 |  3.1
Shapeshifting  | 4 |  4.4
Unarmed Combat | |  3.8

Action                     |  1- 3 |  4- 6 || total
---------------------------+-------+-------++-------
  Melee: Unarmed           |    48 |    24 ||    72
         Constrict         |    13 |    13 ||    26
         Tentacles         |    10 |    12 ||    22
         Punch             |     2 |     3 ||     5
         Short sword       |       |    42 ||    42
    Use: Scroll            |     5 |     1 ||     6
         Potion            |       |     3 ||     3
   Stab: Sleeping          |     5 |     6 ||    11
 Armour: Skin              |    21 |    72 ||    93
  Dodge: Dodged            |    29 |    27 ||    56
   Form: Beast             |       |     2 ||     2
                           |       |     1 ||     1
